SA
KENNESAW JETS @ ALAMEDA AIRMEN
07/09/2028
 
TOP OF THE 1ST
Kennesaw Jets batting - Pitching for Alameda Airmen : RHP Larry Strozier
Pitching: RHP Larry Strozier
Batting: RHB José Luna 0-0: Called Strike
0-1: Foul Ball, location: 2F
0-2: Fly out, F8 (Flyball, 8LM)
Batting: LHB Manuel Márquez 0-0: Ball
1-0: Ball
2-0: Called Strike
2-1: Fly out, F8 (Flyball, 8LS)
Batting: RHB José Leyva 0-0: Swinging Strike
0-1: Ball
1-1: Called Strike
1-2: Ball
2-2: Ball
3-2: Base on Balls
Batting: RHB Renato Zuvic 0-0: Called Strike
0-1: Fielders Choice at 2nd, 6-4 (Groundball, 6)
Top of the 1st over - 0 run(s), 0 hit(s), 0 error(s), 0 left on base; Kennesaw 0 - Alameda 0
BOTTOM OF THE 1ST
Alameda Airmen batting - Pitching for Kennesaw Jets : LHP Manuel Ceja
Pitching: LHP Manuel Ceja
Batting: SHB José Ángel 0-0: Ball
1-0: Swinging Strike
1-1: Swinging Strike
1-2: Ball
2-2: Foul Ball, location: 2F
2-2: Ball
3-2: Strikes out swinging
Batting: RHB Javier Carretero 0-0: Foul Ball, location: 2F
0-1: DOUBLE (Line Drive, 78XD)
Batting: RHB Guus de Weerdt 0-0: Ball
1-0: Called Strike
1-1: Ball
2-1: Called Strike
2-2: Ball
3-2: Fly out, F6 (Popup, 6MD)
Batting: RHB Mick Spargo 0-0: 2-RUN HOME RUN (Flyball, 7D), Distance : 386 ft
Batting: SHB Charles Weber 0-0: Ball
1-0: Ball
2-0: SOLO HOME RUN (Line Drive, 7D), Distance : 392 ft
Batting: RHB Gérard Chesnutt 0-0: Ball
1-0: Ball
2-0: Ball
3-0: Base on Balls
Batting: RHB Pedro Flores 0-0: Foul Ball, location: 2F
0-1: Ball
Wild Pitch!
Gérard Chesnutt to second
1-1: Ground out 4-3 (Groundball, 4)
Bottom of the 1st over - 3 run(s), 3 hit(s), 0 error(s), 1 left on base; Kennesaw 0 - Alameda 3
TOP OF THE 2ND
Kennesaw Jets batting - Pitching for Alameda Airmen : RHP Larry Strozier
Batting: LHB Félix Calixto 0-0: Foul Ball, location: 2F
0-1: Foul Ball, location: 2F
0-2: Foul Ball, location: 2F
0-2: Strikes out swinging
Batting: RHB Lester Kwiatkowski 0-0: Ground out 6-3 (Groundball, 6S)
Batting: RHB Jason Hopdown 0-0: Foul Ball, location: 2F
0-1: Swinging Strike
0-2: Strikes out looking
Top of the 2nd over - 0 run(s), 0 hit(s), 0 error(s), 0 left on base; Kennesaw 0 - Alameda 3
BOTTOM OF THE 2ND
Alameda Airmen batting - Pitching for Kennesaw Jets : LHP Manuel Ceja
Batting: LHB Rodrigo Rodríguez 0-0: Called Strike
0-1: Fly out, F7 (Flyball, 7S)
Batting: LHB Lukas Gleirscher 0-0: Called Strike
0-1: Ball
1-1: Foul Ball, location: 2F
1-2: Ball
2-2: Fly out, F9 (Flyball, 9)
Batting: SHB José Ángel 0-0: Called Strike
0-1: Foul Ball, location: 2F
0-2: Fly out, F5 (Line Drive, 5S)
Bottom of the 2nd over - 0 run(s), 0 hit(s), 0 error(s), 0 left on base; Kennesaw 0 - Alameda 3
TOP OF THE 3RD
Kennesaw Jets batting - Pitching for Alameda Airmen : RHP Larry Strozier
Batting: RHB Gerardo Maldonado 0-0: Ball
1-0: Ball
2-0: Called Strike
2-1: DOUBLE (Flyball, 8LM)
Batting: RHB Diego Romero 0-0: Called Strike
0-1: Ball
1-1: Ball
2-1: Swinging Strike
2-2: Foul Ball, location: 2F
2-2: Strikes out looking
Batting: RHB José Luna 0-0: Ball
1-0: Foul Ball, location: 2F
1-1: Ball
2-1: Foul Ball, location: 2F
2-2: Ball
3-2: Strikes out swinging, 2-3 out at first.
Batting: LHB Manuel Márquez 0-0: Swinging Strike
0-1: Swinging Strike
0-2: Ball
1-2: Ball
2-2: Ball
3-2: Base on Balls
Batting: RHB José Leyva 0-0: Called Strike
0-1: SINGLE (Line Drive, 7S)
Gerardo Maldonado to third
Manuel Márquez to second
Runner from 3rd tries for Home, SAFE, no throw
Batting: RHB Renato Zuvic 0-0: Called Strike
0-1: DOUBLE (Groundball, 5L)
Manuel Márquez scores
José Leyva to third
Batting: LHB Félix Calixto 0-0: SINGLE (Line Drive, 78M)
José Leyva scores
Renato Zuvic to third
Runner from 3rd tries for Home, SAFE, no throw
Batting: RHB Lester Kwiatkowski 0-0: Called Strike
0-1: Foul Ball, location: 2F
0-2: Ball
1-2: Ball
2-2: Strikes out swinging
Top of the 3rd over - 4 run(s), 4 hit(s), 0 error(s), 1 left on base; Kennesaw 4 - Alameda 3
BOTTOM OF THE 3RD
Alameda Airmen batting - Pitching for Kennesaw Jets : LHP Manuel Ceja
Batting: RHB Javier Carretero 0-0: Fly out, F9 (Flyball, 9S)
Batting: RHB Guus de Weerdt 0-0: Ball
1-0: Ball
2-0: Ball
3-0: Base on Balls
Batting: RHB Mick Spargo 0-0: Fly out, F7 (Flyball, 7)
Batting: SHB Charles Weber 0-0: Called Strike
0-1: Swinging Strike
0-2: Foul Ball, location: 2F
0-2: Ground out 1-3 (Groundball, 13S)
Bottom of the 3rd over - 0 run(s), 0 hit(s), 0 error(s), 1 left on base; Kennesaw 4 - Alameda 3
TOP OF THE 4TH
Kennesaw Jets batting - Pitching for Alameda Airmen : RHP Larry Strozier
Batting: RHB Jason Hopdown 0-0: Ball
1-0: Swinging Strike
1-1: Foul Ball, location: 2F
1-2: Foul Ball, location: 2F
1-2: Ground out 1-3 (Groundball, 15S)
Batting: RHB Gerardo Maldonado 0-0: Ground out 4-3 (Groundball, 4)
Batting: RHB Diego Romero 0-0: Foul Ball, location: 2F
0-1: Swinging Strike
0-2: Strikes out swinging
Top of the 4th over - 0 run(s), 0 hit(s), 0 error(s), 0 left on base; Kennesaw 4 - Alameda 3
BOTTOM OF THE 4TH
Alameda Airmen batting - Pitching for Kennesaw Jets : LHP Manuel Ceja
Batting: RHB Gérard Chesnutt 0-0: Called Strike
0-1: Ball
1-1: Ball
2-1: Called Strike
2-2: Ground out 6-3 (Groundball, 6D)
Batting: RHB Pedro Flores 0-0: Ball
1-0: Ball
2-0: Fly out, F2 (Popup, 3S)
Batting: LHB Rodrigo Rodríguez 0-0: Called Strike
0-1: Ball
1-1: Ball
2-1: SINGLE (Line Drive, 9LM)
Batting: LHB Lukas Gleirscher 0-0: Swinging Strike
0-1: Called Strike
Rodrigo Rodríguez steals 2nd base
0-2: Ball
1-2: Foul Ball, location: 2F
1-2: Strikes out swinging
Bottom of the 4th over - 0 run(s), 1 hit(s), 0 error(s), 1 left on base; Kennesaw 4 - Alameda 3
TOP OF THE 5TH
Kennesaw Jets batting - Pitching for Alameda Airmen : RHP Larry Strozier
Batting: RHB José Luna 0-0: Ball
1-0: DOUBLE (Line Drive, 7D)
Batting: LHB Manuel Márquez 0-0: Called Strike
José Luna is caught stealing 3rd base
0-1: Foul Ball, location: 2F
0-2: Ball
1-2: Strikes out swinging
Batting: RHB José Leyva 0-0: Called Strike
0-1: Ball
1-1: Swinging Strike
1-2: Strikes out swinging
Top of the 5th over - 0 run(s), 1 hit(s), 0 error(s), 0 left on base; Kennesaw 4 - Alameda 3
BOTTOM OF THE 5TH
Alameda Airmen batting - Pitching for Kennesaw Jets : LHP Manuel Ceja
Batting: SHB José Ángel 0-0: Ball
1-0: Ball
2-0: Called Strike
2-1: Ball
3-1: Foul Ball, location: 2F
3-2: Base on Balls
Batting: RHB Javier Carretero 0-0: Ball
1-0: Ball
2-0: Bunted foul
2-1: Bunt missed!
2-2: Ball
3-2: Base on Balls
José Ángel to second
Batting: RHB Guus de Weerdt 0-0: Called Strike
0-1: Called Strike
0-2: Strikes out swinging
Batting: RHB Mick Spargo 0-0: Ball
1-0: Swinging Strike
1-1: Called Strike
1-2: Foul Ball, location: 2F
1-2: Strikes out swinging
Batting: SHB Charles Weber 0-0: Ball
1-0: Fly out, F8 (Flyball, 89S)
Bottom of the 5th over - 0 run(s), 0 hit(s), 0 error(s), 2 left on base; Kennesaw 4 - Alameda 3
TOP OF THE 6TH
Kennesaw Jets batting - Pitching for Alameda Airmen : RHP Larry Strozier
Batting: RHB Renato Zuvic 0-0: Called Strike
0-1: Ball
1-1: Ball
2-1: Foul Ball, location: 2F
2-2: Fly out, F7 (Flyball, 7S)
Batting: LHB Félix Calixto 0-0: SINGLE (Groundball, 4MD)
Batting: RHB Lester Kwiatkowski 0-0: Swinging Strike
0-1: Ball
1-1: Swinging Strike
1-2: Foul Ball, location: 2F
1-2: Strikes out looking
Batting: RHB Jason Hopdown 0-0: Swinging Strike
0-1: Fly out, F2 (Popup, 34S)
Top of the 6th over - 0 run(s), 1 hit(s), 0 error(s), 1 left on base; Kennesaw 4 - Alameda 3
BOTTOM OF THE 6TH
Alameda Airmen batting - Pitching for Kennesaw Jets : LHP Manuel Ceja
Batting: RHB Gérard Chesnutt 0-0: Called Strike
0-1: Foul Ball, location: 2F
0-2: Strikes out looking
Batting: RHB Pedro Flores 0-0: SINGLE (Flyball, 89S)
Pinch Runner at 1st Teobaldo Pasquetto:
Batting: LHB Rodrigo Rodríguez 0-0: Foul Ball, location: 2F
0-1: Swinging Strike
0-2: Strikes out swinging
Batting: LHB Lukas Gleirscher 0-0: Called Strike
0-1: Foul Ball, location: 2F
0-2: Ball
1-2: Ball
2-2: SINGLE (Groundball, 56D)
Teobaldo Pasquetto to second
Batting: SHB José Ángel 0-0: Ball
1-0: Ball
2-0: Ball
3-0: Base on Balls
Teobaldo Pasquetto to third
Lukas Gleirscher to second
Batting: RHB Javier Carretero 0-0: Ground out 1-3 (Groundball, 13)
Bottom of the 6th over - 0 run(s), 2 hit(s), 0 error(s), 3 left on base; Kennesaw 4 - Alameda 3
TOP OF THE 7TH
Kennesaw Jets batting - Pitching for Alameda Airmen : RHP Larry Strozier
Now at 3B: Javier Marino
Batting: RHB Gerardo Maldonado 0-0: Called Strike
0-1: Called Strike
0-2: Strikes out swinging
Pitching: RHP Marvin Cahill
Batting: RHB Diego Romero 0-0: Called Strike
0-1: Foul Ball, location: 2F
0-2: Ball
1-2: Ball
2-2: Foul Ball, location: 2F
2-2: Strikes out swinging
Batting: RHB José Luna 0-0: Foul Ball, location: 2F
0-1: Called Strike
0-2: Strikes out swinging
Top of the 7th over - 0 run(s), 0 hit(s), 0 error(s), 0 left on base; Kennesaw 4 - Alameda 3
BOTTOM OF THE 7TH
Alameda Airmen batting - Pitching for Kennesaw Jets : LHP Manuel Ceja
Batting: RHB Guus de Weerdt 0-0: Ball
1-0: Called Strike
1-1: Ball
2-1: Foul Ball, location: 2F
2-2: Foul Ball, location: 2F
2-2: Foul Ball, location: 2F
2-2: Strikes out looking
Batting: RHB Mick Spargo 0-0: Swinging Strike
0-1: Ball
1-1: Foul Ball, location: 2F
1-2: Foul Ball, location: 2F
1-2: Ground out 6-3 (Groundball, 6)
Batting: SHB Charles Weber 0-0: Called Strike
0-1: Ground out 5-3 (Groundball, 5)
Bottom of the 7th over - 0 run(s), 0 hit(s), 0 error(s), 0 left on base; Kennesaw 4 - Alameda 3
TOP OF THE 8TH
Kennesaw Jets batting - Pitching for Alameda Airmen : RHP Marvin Cahill
Batting: LHB Manuel Márquez 0-0: Ball
1-0: Called Strike
1-1: Foul Ball, location: 2F
1-2: Ball
2-2: Ground out 4-3 (Groundball, 34D)
Batting: RHB José Leyva 0-0: Ball
1-0: Swinging Strike
1-1: Ground out 6-3 (Groundball, 6D)
Batting: RHB Renato Zuvic 0-0: Ball
1-0: Foul Ball, location: 2F
1-1: Foul Ball, location: 2F
1-2: Ball
2-2: Strikes out swinging
Top of the 8th over - 0 run(s), 0 hit(s), 0 error(s), 0 left on base; Kennesaw 4 - Alameda 3
BOTTOM OF THE 8TH
Alameda Airmen batting - Pitching for Kennesaw Jets : LHP Manuel Ceja
Now in LF: Omar Durán
Batting: RHB Gérard Chesnutt 0-0: Swinging Strike
0-1: Swinging Strike
0-2: Strikes out swinging
Pitching: RHP Mau Delgado
Batting: RHB Javier Marino 0-0: Called Strike
0-1: SINGLE (Line Drive, 8LS)
Pitching: LHP Khemera Seng
Batting: LHB Rodrigo Rodríguez 0-0: Called Strike
0-1: Called Strike
0-2: Strikes out looking
Pinch Hitting: RHB Johnny Henshaw-Jacobs 0-0: Fly out, F9 (Flyball, 9S)
Bottom of the 8th over - 0 run(s), 1 hit(s), 0 error(s), 1 left on base; Kennesaw 4 - Alameda 3
TOP OF THE 9TH
Kennesaw Jets batting - Pitching for Alameda Airmen : RHP Marvin Cahill
Pitching: RHP Pieter Spitsbaard
Now at SS: Phil Pettit
Batting: LHB Félix Calixto 0-0: Called Strike
0-1: Swinging Strike
0-2: Strikes out swinging
Batting: RHB Lester Kwiatkowski 0-0: Swinging Strike
0-1: Foul Ball, location: 2F
0-2: Strikes out swinging
Batting: RHB Jason Hopdown 0-0: Ball
1-0: Foul Ball, location: 2F
1-1: Fly out, F9 (Flyball, 9LMF)
Top of the 9th over - 0 run(s), 0 hit(s), 0 error(s), 0 left on base; Kennesaw 4 - Alameda 3
BOTTOM OF THE 9TH
Alameda Airmen batting - Pitching for Kennesaw Jets : LHP Khemera Seng
Pitching: RHP Jong-yun Chong
Now at SS: Ernesto López
Batting: SHB José Ángel 0-0: Ground out 4-3 (Groundball, 34)
Batting: RHB Javier Carretero 0-0: Called Strike
0-1: Foul Ball, location: 2F
0-2: Foul Ball, location: 2F
0-2: Foul Ball, location: 2F
0-2: Strikes out swinging
Batting: RHB Guus de Weerdt 0-0: Called Strike
0-1: Fly out, F9 (Flyball, 9)
Bottom of the 9th over - 0 run(s), 0 hit(s), 0 error(s), 0 left on base; Kennesaw 4 - Alameda 3
Monday, August 14th, 2017 - OOTP Baseball 17.12 Build 75